 Dungeon Crawl Stone Soup version 0.21.1-1-g345015f (webtiles) character file.

42 letownia2 the Magician (level 3, 0/24 HPs)
             Began as a Merfolk Wizard on Mar 10, 2018.
             Killed from afar by an orc wizard (5 damage)
             ... with a magic dart
             ... on level 2 of the Dungeon.
             The game lasted 00:04:04 (732 turns).

letownia2 the Magician (Merfolk Wizard)              Turns: 732, Time: 00:04:05

Health: 0/24       AC:  2    Str:  8    XL:     3   Next: 54%
Magic:  1/7        EV: 13    Int: 17    God:
Gold:   26         SH:  0    Dex: 12    Spells: 2/8 levels left

rFire    . . .     SeeInvis .   a - +0 spear
rCold    . . .     Gourm    .   (no shield)
rNeg     . . .     Faith    .   h - +0 robe
rPois    .         Spirit   .   b - +0 hat
rElec    .         Reflect  .   (no cloak)
rCorr    .         Harm     .   (no gloves)
MR       .....                  (no boots)
Stlth    ++........             (no amulet)
HPRegen  0.08/turn              (no ring)
MPRegen  0.10/turn              (no ring)

@: very slightly contaminated
A: change form in water, swift swim, stealthy swim
a: no special abilities


You were on level 2 of the Dungeon.
You were not hungry.

You visited 1 branch of the dungeon, and saw 3 of its levels.

You collected 26 gold pieces.

Inventory:

Hand Weapons
 a - a +0 spear (weapon)
 g - a +0 short sword
Armour
 b - a +0 hat (worn)
 h - a +0 robe (worn)
 i - a +3 ring mail
Scrolls
 e - 3 scrolls of blinking {unknown}
 f - a scroll of fog {unknown}
 j - a scroll of immolation {unknown}
 k - a scroll of fear {unknown}
Books
 c - a book of Minor Magic

   Spells                             Type                      Level
   a - Magic Dart                     Conjuration                  1
   b - Blink                          Translocation                2
   c - Call Imp                       Summoning                    2
   d - Slow                           Hexes                        2
   e - Conjure Flame                  Conjuration/Fire             3
   f - Mephitic Cloud                 Conjuration/Poison/Air       3
Comestibles
 d - a ration


   Skills:
 + Level 1.3 Polearms
 - Level 2.6 Dodging
 - Level 2.1 Stealth
 - Level 3.0 Spellcasting
 + Level 2.0 Conjurations
 + Level 1.7 Summonings
   Level 0.7 Translocations
 + Level 0.1 Air Magic
 + Level 0.6 Poison Magic


You had 2 spell levels left.
You knew the following spells:

 Your Spells              Type           Power        Failure   Level  Hunger
a - Magic Dart            Conj           #...         8%          1    None
e - Mephitic Cloud        Conj/Pois/Air  #.......     34%         3    ###....
i - Call Imp              Summ           #.......     13%         2    ##.....


Dungeon Overview and Level Annotations

Branches:
Dungeon (3/15)

Altars:


Message History

Casting: Call Imp
Confirm with . or Enter, or press ? or * to list all spells.
Aiming: Magic Dart
Press: ? - help, Shift-Dir - straight line, f - giant cockroach
Aim: a giant cockroach (almost dead, clinging)
The magic dart hits the giant cockroach.
The giant cockroach is almost dead.
The orc wizard hits you with a dagger.
* * * LOW HITPOINT WARNING * * *
The giant cockroach closely misses you. The orc wizard hits you with a dagger.
* * * LOW HITPOINT WARNING * * *
Your white imp hits the giant cockroach.
The giant cockroach dies!
Unknown command.
Your crimson imp blinks!
You see here a giant cockroach corpse.
Unknown command.
The orc wizard casts a spell at you. The magic dart hits you!
You die...

####.#.##. #..#....
#......##. #......
#......##. ####......
#..>5..##.# ##.........
#......##.###..........
#......................
#..)...###..#########..
#.....5†o).##.......##.
#.....@#####.8##+##8.##
#......#####.##...## #
#..........#.#.8.8.#
##########.#.#..<..#
#.#.#†8)8.# #
#.#.##...##.#
#.#.8#####8.#
#.##.......#
#..####.####


You could see an orc wizard, a friendly crimson imp and a friendly white imp.

Vanquished Creatures
  An adder (D:2)
  2 dart slugs
  2 orcs (D:3)
  4 bats
  2 giant cockroaches
  4 hobgoblins
  3 kobolds
  2 frilled lizards (D:1)
  7 rats
27 creatures vanquished.

Vanquished Creatures (collateral kills)
  An orc (D:2)
  A giant cockroach (D:2)
  A hobgoblin (D:2)
  A rat (D:2)
4 creatures vanquished.

Grand Total: 31 creatures vanquished

Notes
Turn   | Place    | Note
-------+----------+-------------------------------------------
     0 | D:1      | letownia2 the Merfolk Wizard began the quest for the Orb.
     0 | D:1      | Reached XP level 1. HP: 13/13 MP: 4/4
    20 | D:1      | Reached skill level 1 in Conjurations
   115 | D:1      | Reached XP level 2. HP: 15/19 MP: 1/6
   121 | D:1      | Learned a level 2 spell: Call Imp
   430 | D:3      | Noticed a phantom
   505 | D:3      | Reached XP level 3. HP: 23/24 MP: 3/7
   519 | D:3      | Learned a level 3 spell: Mephitic Cloud
   591 | D:2      | Reached skill level 1 in Polearms
   732 | D:2      | Killed from afar by an orc wizard

Skill      XL: |  1  2  3 |
---------------+----------+-----
Conjurations   | 1 2 |  2.0
Polearms       | 1 |  1.3
Dodging        | |  2.6
Stealth        | |  2.1
Spellcasting   | |  3.0
Summonings     | |  1.7
Translocations | |  0.7
Air Magic      | |  0.1
Poison Magic   | |  0.6

Action                   || total
-------------------------++-------
Melee: Unarmed           ||    13
       Short sword       ||    10
       Spear             ||    29
 Cast: Magic Dart        ||    40
       Call Imp          ||     6
 Stab: Sleeping          ||     4
       Distracted        ||     1
Armor: Robe              ||    19
Dodge: Dodged            ||    54
